Workbook
Name un: [1]Intro!$D$22

Sheet  Cover ©
N2: Important Links
N3: Budget Sheet
H4: https://glimmarket.com | N4: Budget Summary
C6: Personal Budget Excel Spreadsheet
C9: Manage your annual personal budget with ease
C11: Read More Personal Budget Template
V12: `
C16: Disclaimer: This tool is provided for general informational purposes only and is not intended to provide financial, legal, or investment advice. The results are based on user-inputted data and do not account for all financial nuances or regulatory requirements. GlimMarket makes no warranties or guarantees as to the accuracy or completeness of the results. Users should consult with a qualified professional before making financial decisions. Use of this tool is at your own risk.
C25: © 2025 GlimMarket. All rights reserved,
C27: This spreadsheet, including all worksheets and associated content is a copyrighted work under the United States and other copyright laws. Do not submit copies or modifications of this template to any website or online template gallery.

Sheet Budget Input
A1: Personal Budgeting Sheet
A2: by GlimMarket.com
O3: © 2025 GlimMarket. All rights reserved,
A4: Do not edit the cells highlighted and those with a formula or link
B5: JAN | C5: FEB | D5: MAR | E5: APR | F5: MAY | G5: JUN | H5: JUL | I5: AUG | J5: SEP | K5: OCT | L5: NOV | M5: DEC | N5: Total | O5: Monthly Avg
A6: Beginning Balance- Cash | C6: =B10 -> 6120 | D6: =C10 -> 13120 | E6: =D10 -> 21400 | F6: =E10 -> 17040 | G6: =F10 -> 16580 | H6: =G10 -> 14880 | I6: =H10 -> 14080 | J6: =I10 -> 14080 | ... M6: =L10 -> 14080
A7: Total Budgeted Income | B7: =Table1[[#Totals],[JAN]] -> 14400 | C7: =Table1[[#Totals],[FEB]] -> 13500 | D7: =Table1[[#Totals],[MAR]] -> 14200 | E7: =Table1[[#Totals],[APR]] -> 0 | F7: =Table1[[#Totals],[MAY]] -> 0 | G7: =Table1[[#Totals],[JUN]] -> 0 | H7: =Table1[[#Totals],[JUL]] -> 0 | I7: =Table1[[#Totals],[AUG]] -> 0 | J7: =Table1[[#Totals],[SEP]] -> 0 | K7: =Table1[[#Totals],[OCT]] -> 0 | L7: =Table1[[#Totals],[NOV]] -> 0 | M7: =Table1[[#Totals],[DEC]] -> 0 | N7: =SUM(B7:M7) -> 42100 | O7: =IFERROR(AVERAGEIF(B7:M7, ">0"), 0) -> 14033.333
A8: Total Exp & Payments | B8: =Table2[[#Totals],[JAN]]+Table3[[#Totals],[JAN]]+Table4[[#Totals],[JAN]]+Table5[[#Totals],[JAN]]+Table6[[#Totals],[JAN]]+Table8[[#Totals],[JAN]]+Table9[[#Totals],[JAN]]+Table10[[#Totals],[JAN]]+Table11[[#Totals],[JAN]]+Table13[[#Totals],[JAN]]+Table14[[#Totals],[JAN]]+Table7[[#Totals],[JAN]]+Table12[[#Totals],[JAN]] -> 8280 | C8: =Table2[[#Totals],[FEB]]+Table3[[#Totals],[FEB]]+Table4[[#Totals],[FEB]]+Table5[[#Totals],[FEB]]+Table6[[#Totals],[FEB]]+Table8[[#Totals],[FEB]]+Table9[[#Totals],[FEB]]+Table10[[#Totals],[FEB]]+Table11[[#Totals],[FEB]]+Table13[[#Totals],[FEB]]+Table14[[#Totals],[FEB]]+Table7[[#Totals],[FEB]]+Table12[[#Totals],[FEB]] -> 6500 | D8: =Table2[[#Totals],[MAR]]+Table3[[#Totals],[MAR]]+Table4[[#Totals],[MAR]]+Table5[[#Totals],[MAR]]+Table6[[#Totals],[MAR]]+Table8[[#Totals],[MAR]]+Table9[[#Totals],[MAR]]+Table10[[#Totals],[MAR]]+Table11[[#Totals],[MAR]]+Table13[[#Totals],[MAR]]+Table14[[#Totals],[MAR]]+Table7[[#Totals],[MAR]]+Table12[[#Totals],[MAR]] -> 5920 | E8: =Table2[[#Totals],[APR]]+Table3[[#Totals],[APR]]+Table4[[#Totals],[APR]]+Table5[[#Totals],[APR]]+Table6[[#Totals],[APR]]+Table8[[#Totals],[APR]]+Table9[[#Totals],[APR]]+Table10[[#Totals],[APR]]+Table11[[#Totals],[APR]]+Table13[[#Totals],[APR]]+Table14[[#Totals],[APR]]+Table7[[#Totals],[APR]]+Table12[[#Totals],[APR]] -> 4360 | F8: =Table2[[#Totals],[MAY]]+Table3[[#Totals],[MAY]]+Table4[[#Totals],[MAY]]+Table5[[#Totals],[MAY]]+Table6[[#Totals],[MAY]]+Table8[[#Totals],[MAY]]+Table9[[#Totals],[MAY]]+Table10[[#Totals],[MAY]]+Table11[[#Totals],[MAY]]+Table13[[#Totals],[MAY]]+Table14[[#Totals],[MAY]]+Table7[[#Totals],[MAY]]+Table12[[#Totals],[MAY]] -> 460 | G8: =Table2[[#Totals],[JUN]]+Table3[[#Totals],[JUN]]+Table4[[#Totals],[JUN]]+Table5[[#Totals],[JUN]]+Table6[[#Totals],[JUN]]+Table8[[#Totals],[JUN]]+Table9[[#Totals],[JUN]]+Table10[[#Totals],[JUN]]+Table11[[#Totals],[JUN]]+Table13[[#Totals],[JUN]]+Table14[[#Totals],[JUN]]+Table7[[#Totals],[JUN]]+Table12[[#Totals],[JUN]] -> 1700 | H8: =Table2[[#Totals],[JUL]]+Table3[[#Totals],[JUL]]+Table4[[#Totals],[JUL]]+Table5[[#Totals],[JUL]]+Table6[[#Totals],[JUL]]+Table8[[#Totals],[JUL]]+Table9[[#Totals],[JUL]]+Table10[[#Totals],[JUL]]+Table11[[#Totals],[JUL]]+Table13[[#Totals],[JUL]]+Table14[[#Totals],[JUL]]+Table7[[#Totals],[JUL]]+Table12[[#Totals],[JUL]] -> 800 | I8: =Table2[[#Totals],[AUG]]+Table3[[#Totals],[AUG]]+Table4[[#Totals],[AUG]]+Table5[[#Totals],[AUG]]+Table6[[#Totals],[AUG]]+Table8[[#Totals],[AUG]]+Table9[[#Totals],[AUG]]+Table10[[#Totals],[AUG]]+Table11[[#Totals],[AUG]]+Table13[[#Totals],[AUG]]+Table14[[#Totals],[AUG]]+Table7[[#Totals],[AUG]]+Table12[[#Totals],[AUG]] -> 0 | J8: =Table2[[#Totals],[SEP]]+Table3[[#Totals],[SEP]]+Table4[[#Totals],[SEP]]+Table5[[#Totals],[SEP]]+Table6[[#Totals],[SEP]]+Table8[[#Totals],[SEP]]+Table9[[#Totals],[SEP]]+Table10[[#Totals],[SEP]]+Table11[[#Totals],[SEP]]+Table13[[#Totals],[SEP]]+Table14[[#Totals],[SEP]]+Table7[[#Totals],[SEP]]+Table12[[#Totals],[SEP]] -> 0 | K8: =Table2[[#Totals],[OCT]]+Table3[[#Totals],[OCT]]+Table4[[#Totals],[OCT]]+Table5[[#Totals],[OCT]]+Table6[[#Totals],[OCT]]+Table8[[#Totals],[OCT]]+Table9[[#Totals],[OCT]]+Table10[[#Totals],[OCT]]+Table11[[#Totals],[OCT]]+Table13[[#Totals],[OCT]]+Table14[[#Totals],[OCT]]+Table7[[#Totals],[OCT]]+Table12[[#Totals],[OCT]] -> 0 | L8: =Table2[[#Totals],[NOV]]+Table3[[#Totals],[NOV]]+Table4[[#Totals],[NOV]]+Table5[[#Totals],[NOV]]+Table6[[#Totals],[NOV]]+Table8[[#Totals],[NOV]]+Table9[[#Totals],[NOV]]+Table10[[#Totals],[NOV]]+Table11[[#Totals],[NOV]]+Table13[[#Totals],[NOV]]+Table14[[#Totals],[NOV]]+Table7[[#Totals],[NOV]]+Table12[[#Totals],[NOV]] -> 0 | M8: =Table2[[#Totals],[DEC]]+Table3[[#Totals],[DEC]]+Table4[[#Totals],[DEC]]+Table5[[#Totals],[DEC]]+Table6[[#Totals],[DEC]]+Table8[[#Totals],[DEC]]+Table9[[#Totals],[DEC]]+Table10[[#Totals],[DEC]]+Table11[[#Totals],[DEC]]+Table13[[#Totals],[DEC]]+Table14[[#Totals],[DEC]]+Table7[[#Totals],[DEC]]+Table12[[#Totals],[DEC]] -> 700 | N8: =SUM(B8:M8) -> 28720 | O8: =IFERROR(AVERAGEIF(B8:M8, ">0"), 0) -> 3590
A9: Surplus (Deficit) | B9: =B7-B8 -> 6120 | C9: =C7-C8 -> 7000 | D9: =D7-D8 -> 8280 | E9: =E7-E8 -> -4360 | F9: =F7-F8 -> -460 | G9: =G7-G8 -> -1700 | H9: =H7-H8 -> -800 | I9: =I7-I8 -> 0 | ... M9: =M7-M8 -> -700 | N9: =SUM(B9:M9) -> 13380 | O9: =IFERROR(AVERAGEIF(B9:M9, ">0"), 0) -> 7133.3333
A10: Budgeted Ending Balance | B10: =B6+B9 -> 6120 | C10: =C6+C9 -> 13120 | D10: =D6+D9 -> 21400 | E10: =E6+E9 -> 17040 | F10: =F6+F9 -> 16580 | G10: =G6+G9 -> 14880 | H10: =H6+H9 -> 14080 | I10: =I6+I9 -> 14080 | ... M10: =M6+M9 -> 13380
A12: Enter your budget figures in the below fields
A14: INCOME (INFLOW) | B14: JAN | C14: FEB | D14: MAR | E14: APR | F14: MAY | G14: JUN | H14: JUL | I14: AUG | J14: SEP | K14: OCT | L14: NOV | M14: DEC | N14: Total | O14: Mnthly Avg | P14: Column1
A15: Wages & Salaries | B15: 12000 | C15: 12000 | D15: 12000 | N15: =SUM(B15:M15) -> 36000 | O15: =IFERROR(AVERAGEIF(Table1[[#This Row],[JAN]:[DEC]], ">0"), 0) -> 12000
A16: Self-Employment / Business Income | B16: 2400 | C16: 1500 | D16: 2200 | N16: =SUM(B16:M16) -> 6100 | O16: =IFERROR(AVERAGEIF(Table1[[#This Row],[JAN]:[DEC]], ">0"), 0) -> 2033.3333
A17: Bonuses & Commissions | N17: =SUM(B17:M17) -> 0 | O17: =IFERROR(AVERAGEIF(Table1[[#This Row],[JAN]:[DEC]], ">0"), 0) -> 0
A18: Interest Income | N18: =SUM(B18:M18) -> 0 | O18: =IFERROR(AVERAGEIF(Table1[[#This Row],[JAN]:[DEC]], ">0"), 0) -> 0
A19: Dividend Income | N19: =SUM(B19:M19) -> 0 | O19: =IFERROR(AVERAGEIF(Table1[[#This Row],[JAN]:[DEC]], ">0"), 0) -> 0
A20: Transfer From Savings | N20: =SUM(B20:M20) -> 0 | O20: =IFERROR(AVERAGEIF(Table1[[#This Row],[JAN]:[DEC]], ">0"), 0) -> 0
A21: Capital Gains / Sale of Investments | N21: =SUM(B21:M21) -> 0 | O21: =IFERROR(AVERAGEIF(Table1[[#This Row],[JAN]:[DEC]], ">0"), 0) -> 0
A22: Retirement Account Withdrawals | N22: =SUM(B22:M22) -> 0 | O22: =IFERROR(AVERAGEIF(Table1[[#This Row],[JAN]:[DEC]], ">0"), 0) -> 0
A23: CD / Time Deposit Withdrawals | N23: =SUM(B23:M23) -> 0 | O23: =IFERROR(AVERAGEIF(Table1[[#This Row],[JAN]:[DEC]], ">0"), 0) -> 0
A24: Emergency Fund Withdrawal | N24: =SUM(B24:M24) -> 0 | O24: =IFERROR(AVERAGEIF(Table1[[#This Row],[JAN]:[DEC]], ">0"), 0) -> 0
A25: Sale of Property / Assets | N25: =SUM(B25:M25) -> 0 | O25: =IFERROR(AVERAGEIF(Table1[[#This Row],[JAN]:[DEC]], ">0"), 0) -> 0
A26: Additional Debts (inclding Mortgages) | N26: =SUM(B26:M26) -> 0 | O26: =IFERROR(AVERAGEIF(Table1[[#This Row],[JAN]:[DEC]], ">0"), 0) -> 0 | R26: Needs
A27: Rental Income | N27: =SUM(B27:M27) -> 0 | O27: =IFERROR(AVERAGEIF(Table1[[#This Row],[JAN]:[DEC]], ">0"), 0) -> 0 | R27: Wants
A28: Social Security Benefits | N28: =SUM(B28:M28) -> 0 | O28: =IFERROR(AVERAGEIF(Table1[[#This Row],[JAN]:[DEC]], ">0"), 0) -> 0 | R28: Savings
A29: Pension / Annuity Income | N29: =SUM(B29:M29) -> 0 | O29: =IFERROR(AVERAGEIF(Table1[[#This Row],[JAN]:[DEC]], ">0"), 0) -> 0
A30: Unemployment Benefits | N30: =SUM(B30:M30) -> 0 | O30: =IFERROR(AVERAGEIF(Table1[[#This Row],[JAN]:[DEC]], ">0"), 0) -> 0
A31: Government Benefits / Assistance | N31: =SUM(B31:M31) -> 0 | O31: =IFERROR(AVERAGEIF(Table1[[#This Row],[JAN]:[DEC]], ">0"), 0) -> 0
A32: Alimony / Child Support | N32: =SUM(B32:M32) -> 0 | O32: =IFERROR(AVERAGEIF(Table1[[#This Row],[JAN]:[DEC]], ">0"), 0) -> 0
A33: Gifts | N33: =SUM(B33:M33) -> 0 | O33: =IFERROR(AVERAGEIF(Table1[[#This Row],[JAN]:[DEC]], ">0"), 0) -> 0
A34: Refunds / Reimbursements | N34: =SUM(B34:M34) -> 0 | O34: =IFERROR(AVERAGEIF(Table1[[#This Row],[JAN]:[DEC]], ">0"), 0) -> 0
A35: Transfers From Savings | N35: =SUM(B35:M35) -> 0 | O35: =IFERROR(AVERAGEIF(Table1[[#This Row],[JAN]:[DEC]], ">0"), 0) -> 0
A36: Other | N36: =SUM(B36:M36) -> 0 | O36: =IFERROR(AVERAGEIF(Table1[[#This Row],[JAN]:[DEC]], ">0"), 0) -> 0
A37: TOTAL INCOME | B37: =SUBTOTAL(109,Table1[JAN]) -> 14400 | C37: =SUBTOTAL(109,Table1[FEB]) -> 13500 | D37: =SUBTOTAL(109,Table1[MAR]) -> 14200 | E37: =SUBTOTAL(109,Table1[APR]) -> 0 | F37: =SUBTOTAL(109,Table1[MAY]) -> 0 | G37: =SUBTOTAL(109,Table1[JUN]) -> 0 | H37: =SUBTOTAL(109,Table1[JUL]) -> 0 | I37: =SUBTOTAL(109,Table1[AUG]) -> 0 | J37: =SUBTOTAL(109,Table1[SEP]) -> 0 | K37: =SUBTOTAL(109,Table1[OCT]) -> 0 | L37: =SUBTOTAL(109,Table1[NOV]) -> 0 | M37: =SUBTOTAL(109,Table1[DEC]) -> 0 | N37: =SUBTOTAL(109,Table1[Total]) -> 42100 | O37: =SUBTOTAL(109,Table1[Mnthly Avg]) -> 14033.333
A39: HOME EXPENSES | B39: JAN | C39: FEB | D39: MAR | E39: APR | F39: MAY | G39: JUN | H39: JUL | I39: AUG | J39: SEP | K39: OCT | L39: NOV | M39: DEC | N39: Total | O39: Monthly Avg | P39: Category | R39: Needs | S39: Wants | T39: Savings
A40: Mortgage / Rent | B40: 200 | C40: 200 | D40: 300 | G40: 200 | H40: 500 | N40: =SUM(B40:M40) -> 1400 | O40: =IFERROR(AVERAGEIF(Table2[[#This Row],[JAN]:[DEC]], ">0"),0) -> 280 | P40: Needs
A41: Homeowner's / Renter's Insurance | N41: =SUM(B41:M41) -> 0 | O41: =IFERROR(AVERAGEIF(Table2[[#This Row],[JAN]:[DEC]], ">0"),0) -> 0 | P41: Needs
A42: Electricity | N42: =SUM(B42:M42) -> 0 | O42: =IFERROR(AVERAGEIF(Table2[[#This Row],[JAN]:[DEC]], ">0"),0) -> 0 | P42: Needs
A43: Gas / Heating Oil | N43: =SUM(B43:M43) -> 0 | O43: =IFERROR(AVERAGEIF(Table2[[#This Row],[JAN]:[DEC]], ">0"),0) -> 0 | P43: Needs
A44: Water / Sewer / Trash | M44: 100 | N44: =SUM(B44:M44) -> 100 | O44: =IFERROR(AVERAGEIF(Table2[[#This Row],[JAN]:[DEC]], ">0"),0) -> 100 | P44: Needs
A45: Phone (Mobile / Landline) | N45: =SUM(B45:M45) -> 0 | O45: =IFERROR(AVERAGEIF(Table2[[#This Row],[JAN]:[DEC]], ">0"),0) -> 0 | P45: Needs
A46: Cable / Streaming TV | N46: =SUM(B46:M46) -> 0 | O46: =IFERROR(AVERAGEIF(Table2[[#This Row],[JAN]:[DEC]], ">0"),0) -> 0 | P46: Needs
A47: Internet | N47: =SUM(B47:M47) -> 0 | O47: =IFERROR(AVERAGEIF(Table2[[#This Row],[JAN]:[DEC]], ">0"),0) -> 0 | P47: Needs
A48: Furnishings & Appliances | N48: =SUM(B48:M48) -> 0 | O48: =IFERROR(AVERAGEIF(Table2[[#This Row],[JAN]:[DEC]], ">0"),0) -> 0 | P48: Needs
A49: Lawn & Garden | N49: =SUM(B49:M49) -> 0 | O49: =IFERROR(AVERAGEIF(Table2[[#This Row],[JAN]:[DEC]], ">0"),0) -> 0 | P49: Needs
A50: Home Maintenance / Repairs | N50: =SUM(B50:M50) -> 0 | O50: =IFERROR(AVERAGEIF(Table2[[#This Row],[JAN]:[DEC]], ">0"),0) -> 0 | P50: Needs
A51: Home Improvements / Renovations | M51: 500 | N51: =SUM(B51:M51) -> 500 | O51: =IFERROR(AVERAGEIF(Table2[[#This Row],[JAN]:[DEC]], ">0"),0) -> 500 | P51: Wants
A52: HOA / Condo Fees | N52: =SUM(B52:M52) -> 0 | O52: =IFERROR(AVERAGEIF(Table2[[#This Row],[JAN]:[DEC]], ">0"),0) -> 0 | P52: Needs
A53: Other | M53: 100 | N53: =SUM(B53:M53) -> 100 | O53: =IFERROR(AVERAGEIF(Table2[[#This Row],[JAN]:[DEC]], ">0"),0) -> 100 | P53: Wants
A54: TOTAL HOME EXPENSES | B54: =SUBTOTAL(109,Table2[JAN]) -> 200 | C54: =SUBTOTAL(109,Table2[FEB]) -> 200 | D54: =SUBTOTAL(109,Table2[MAR]) -> 300 | E54: =SUBTOTAL(109,Table2[APR]) -> 0 | F54: =SUBTOTAL(109,Table2[MAY]) -> 0 | G54: =SUBTOTAL(109,Table2[JUN]) -> 200 | H54: =SUBTOTAL(109,Table2[JUL]) -> 500 | I54: =SUBTOTAL(109,Table2[AUG]) -> 0 | J54: =SUBTOTAL(109,Table2[SEP]) -> 0 | K54: =SUBTOTAL(109,Table2[OCT]) -> 0 | L54: =SUBTOTAL(109,Table2[NOV]) -> 0 | M54: =SUBTOTAL(109,Table2[DEC]) -> 700 | N54: =SUBTOTAL(109,Table2[Total]) -> 2100 | O54: =SUBTOTAL(109,Table2[Monthly Avg]) -> 980 | R54: =SUMIFS(Table2[Total], Table2[Category], "Needs") -> 1500 | S54: =SUMIFS(Table2[Total], Table2[Category], "Wants") -> 600 | T54: =SUMIFS(Table2[Total], Table2[Category], "Savings") -> 0
A56: TRANSPORTATION | B56: JAN | C56: FEB | D56: MAR | E56: APR | F56: MAY | G56: JUN | H56: JUL | I56: AUG | J56: SEP | K56: OCT | L56: NOV | M56: DEC | N56: Total | O56: Monthly Avg | P56: Category
A57: Auto Insurance | N57: =SUM(B57:M57) -> 0 | O57: =IFERROR(AVERAGEIF(Table3[[#This Row],[JAN]:[DEC]], ">0"), 0) -> 0 | P57: Needs
A58: Fuel / Gasoline | N58: =SUM(B58:M58) -> 0 | O58: =IFERROR(AVERAGEIF(Table3[[#This Row],[JAN]:[DEC]], ">0"), 0) -> 0 | P58: Needs
A59: Public Transit / Bus / Train / Rideshare | B59: 120 | C59: 120 | D59: 130 | N59: =SUM(B59:M59) -> 370 | O59: =IFERROR(AVERAGEIF(Table3[[#This Row],[JAN]:[DEC]], ">0"), 0) -> 123.33333 | P59: Needs
A60: Repairs & Maintenance | N60: =SUM(B60:M60) -> 0 | O60: =IFERROR(AVERAGEIF(Table3[[#This Row],[JAN]:[DEC]], ">0"), 0) -> 0 | P60: Needs
A61: Vehicle Registration & Inspections | N61: =SUM(B61:M61) -> 0 | O61: =IFERROR(AVERAGEIF(Table3[[#This Row],[JAN]:[DEC]], ">0"), 0) -> 0 | P61: Needs
A62: Parking & Tolls | N62: =SUM(B62:M62) -> 0 | O62: =IFERROR(AVERAGEIF(Table3[[#This Row],[JAN]:[DEC]], ">0"), 0) -> 0 | P62: Needs
A63: Car Rental / Car Share | N63: =SUM(B63:M63) -> 0 | O63: =IFERROR(AVERAGEIF(Table3[[#This Row],[JAN]:[DEC]], ">0"), 0) -> 0 | P63: Wants
A64: Other Transportation | N64: =SUM(B64:M64) -> 0 | O64: =IFERROR(AVERAGEIF(Table3[[#This Row],[JAN]:[DEC]], ">0"), 0) -> 0 | P64: Wants
A65: TOTAL TRANSPORTATION | B65: =SUBTOTAL(109,Table3[JAN]) -> 120 | C65: =SUBTOTAL(109,Table3[FEB]) -> 120 | D65: =SUBTOTAL(109,Table3[MAR]) -> 130 | E65: =SUBTOTAL(109,Table3[APR]) -> 0 | F65: =SUBTOTAL(109,Table3[MAY]) -> 0 | G65: =SUBTOTAL(109,Table3[JUN]) -> 0 | H65: =SUBTOTAL(109,Table3[JUL]) -> 0 | I65: =SUBTOTAL(109,Table3[AUG]) -> 0 | J65: =SUBTOTAL(109,Table3[SEP]) -> 0 | K65: =SUBTOTAL(109,Table3[OCT]) -> 0 | L65: =SUBTOTAL(109,Table3[NOV]) -> 0 | M65: =SUBTOTAL(109,Table3[DEC]) -> 0 | N65: =SUBTOTAL(109,Table3[Total]) -> 370 | O65: =SUBTOTAL(109,Table3[Monthly Avg]) -> 123.33333 | R65: =SUMIFS(Table3[Total], Table3[Category], "Needs") -> 370 | S65: =SUMIFS(Table3[Total], Table3[Category], "Wants") -> 0 | T65: =SUMIFS(Table3[Total], Table3[Category], "Savings") -> 0
A67: HEALTH | B67: JAN | C67: FEB | D67: MAR | E67: APR | F67: MAY | G67: JUN | H67: JUL | I67: AUG | J67: SEP | K67: OCT | L67: NOV | M67: DEC | N67: Total | O67: Monthly Avg | P67: Category
A68: Health Insurance (premiums) | N68: =SUM(B68:M68) -> 0 | O68: =IFERROR(AVERAGEIF(Table4[[#This Row],[JAN]:[DEC]], ">0"), 0) -> 0 | P68: Needs
A69: Medical & Dental Visits | N69: =SUM(B69:M69) -> 0 | O69: =IFERROR(AVERAGEIF(Table4[[#This Row],[JAN]:[DEC]], ">0"), 0) -> 0 | P69: Needs
A70: Prescriptions / Medications | N70: =SUM(B70:M70) -> 0 | O70: =IFERROR(AVERAGEIF(Table4[[#This Row],[JAN]:[DEC]], ">0"), 0) -> 0 | P70: Needs
A71: Vision Care (glasses/contacts) | B71: 130 | D71: 170 | E71: 160 | F71: 120 | N71: =SUM(B71:M71) -> 580 | O71: =IFERROR(AVERAGEIF(Table4[[#This Row],[JAN]:[DEC]], ">0"), 0) -> 145 | P71: Needs
A72: Mental Health / Therapy | N72: =SUM(B72:M72) -> 0 | O72: =IFERROR(AVERAGEIF(Table4[[#This Row],[JAN]:[DEC]], ">0"), 0) -> 0 | P72: Needs
A73: Health Club / Gym Membership | N73: =SUM(B73:M73) -> 0 | O73: =IFERROR(AVERAGEIF(Table4[[#This Row],[JAN]:[DEC]], ">0"), 0) -> 0 | P73: Wants
A74: Life / Disability Insurance | N74: =SUM(B74:M74) -> 0 | O74: =IFERROR(AVERAGEIF(Table4[[#This Row],[JAN]:[DEC]], ">0"), 0) -> 0 | P74: Needs
A75: Pet Care / Veterinary | N75: =SUM(B75:M75) -> 0 | O75: =IFERROR(AVERAGEIF(Table4[[#This Row],[JAN]:[DEC]], ">0"), 0) -> 0 | P75: Needs
A76: Other Health Expenses | N76: =SUM(B76:M76) -> 0 | O76: =IFERROR(AVERAGEIF(Table4[[#This Row],[JAN]:[DEC]], ">0"), 0) -> 0 | P76: Needs
A77: TOTAL HEALTH | B77: =SUBTOTAL(109,Table4[JAN]) -> 130 | C77: =SUBTOTAL(109,Table4[FEB]) -> 0 | D77: =SUBTOTAL(109,Table4[MAR]) -> 170 | E77: =SUBTOTAL(109,Table4[APR]) -> 160 | F77: =SUBTOTAL(109,Table4[MAY]) -> 120 | G77: =SUBTOTAL(109,Table4[JUN]) -> 0 | H77: =SUBTOTAL(109,Table4[JUL]) -> 0 | I77: =SUBTOTAL(109,Table4[AUG]) -> 0 | J77: =SUBTOTAL(109,Table4[SEP]) -> 0 | K77: =SUBTOTAL(109,Table4[OCT]) -> 0 | L77: =SUBTOTAL(109,Table4[NOV]) -> 0 | M77: =SUBTOTAL(109,Table4[DEC]) -> 0 | N77: =SUBTOTAL(109,Table4[Total]) -> 580 | O77: =SUBTOTAL(109,Table4[Monthly Avg]) -> 145 | R77: =SUMIFS(Table4[Total], Table4[Category], "Needs") -> 580 | S77: =SUMIFS(Table4[Total], Table4[Category], "Wants") -> 0 | T77: =SUMIFS(Table4[Total], Table4[Category], "Savings") -> 0
A79: CHARITY / GIFTS | B79: JAN | C79: FEB | D79: MAR | E79: APR | F79: MAY | G79: JUN | H79: JUL | I79: AUG | J79: SEP | K79: OCT | L79: NOV | M79: DEC | N79: Total | O79: Monthly Avg | P79: Category
A80: Gifts Given | N80: =SUM(B80:M80) -> 0 | O80: =IFERROR(AVERAGEIF(Table5[[#This Row],[JAN]:[DEC]], ">0"), 0) -> 0 | P80: Wants
A81: Charitable Donations | B81: 550 | N81: =SUM(B81:M81) -> 550 | O81: =IFERROR(AVERAGEIF(Table5[[#This Row],[JAN]:[DEC]], ">0"), 0) -> 550 | P81: Wants
A82: Religious Donations / Tithes | N82: =SUM(B82:M82) -> 0 | O82: =IFERROR(AVERAGEIF(Table5[[#This Row],[JAN]:[DEC]], ">0"), 0) -> 0 | P82: Wants
A83: Holiday / Special Occasion Gifts | N83: =SUM(B83:M83) -> 0 | O83: =IFERROR(AVERAGEIF(Table5[[#This Row],[JAN]:[DEC]], ">0"), 0) -> 0 | P83: Wants
A84: Other Giving | N84: =SUM(B84:M84) -> 0 | O84: =IFERROR(AVERAGEIF(Table5[[#This Row],[JAN]:[DEC]], ">0"), 0) -> 0 | P84: Wants
A85: TOTAL CHARITY | B85: =SUBTOTAL(109,Table5[JAN]) -> 550 | C85: =SUBTOTAL(109,Table5[FEB]) -> 0 | D85: =SUBTOTAL(109,Table5[MAR]) -> 0 | E85: =SUBTOTAL(109,Table5[APR]) -> 0 | F85: =SUBTOTAL(109,Table5[MAY]) -> 0 | G85: =SUBTOTAL(109,Table5[JUN]) -> 0 | H85: =SUBTOTAL(109,Table5[JUL]) -> 0 | I85: =SUBTOTAL(109,Table5[AUG]) -> 0 | J85: =SUBTOTAL(109,Table5[SEP]) -> 0 | K85: =SUBTOTAL(109,Table5[OCT]) -> 0 | L85: =SUBTOTAL(109,Table5[NOV]) -> 0 | M85: =SUBTOTAL(109,Table5[DEC]) -> 0 | N85: =SUBTOTAL(109,Table5[Total]) -> 550 | O85: =SUBTOTAL(109,Table5[Monthly Avg]) -> 550 | R85: =SUMIFS(Table5[Total], Table5[Category], "Needs") -> 0 | S85: =SUMIFS(Table5[Total], Table5[Category], "Wants") -> 550 | T85: =SUMIFS(Table5[Total], Table5[Category], "Savings") -> 0
A87: DAILY LIVING | B87: JAN | C87: FEB | D87: MAR | E87: APR | F87: MAY | G87: JUN | H87: JUL | I87: AUG | J87: SEP | K87: OCT | L87: NOV | M87: DEC | N87: Total | O87: Monthly Avg | P87: Category
A88: Groceries | N88: =SUM(B88:M88) -> 0 | O88: =IFERROR(AVERAGEIF(Table6[[#This Row],[JAN]:[DEC]], ">0"), 0) -> 0 | P88: Needs
A89: Household Supplies (cleaning, toiletries) | B89: 1200 | C89: 1200 | D89: 1050 | N89: =SUM(B89:M89) -> 3450 | O89: =IFERROR(AVERAGEIF(Table6[[#This Row],[JAN]:[DEC]], ">0"), 0) -> 1150 | P89: Needs
A90: Dining Out / Takeout | N90: =SUM(B90:M90) -> 0 | O90: =IFERROR(AVERAGEIF(Table6[[#This Row],[JAN]:[DEC]], ">0"), 0) -> 0 | P90: Wants
A91: Clothing & Shoes | N91: =SUM(B91:M91) -> 0 | O91: =IFERROR(AVERAGEIF(Table6[[#This Row],[JAN]:[DEC]], ">0"), 0) -> 0 | P91: Needs
A92: Personal Care (Salon / Barber) | N92: =SUM(B92:M92) -> 0 | O92: =IFERROR(AVERAGEIF(Table6[[#This Row],[JAN]:[DEC]], ">0"), 0) -> 0 | P92: Wants
A93: Cleaning Services / Laundry / Drycleaning | N93: =SUM(B93:M93) -> 0 | O93: =IFERROR(AVERAGEIF(Table6[[#This Row],[JAN]:[DEC]], ">0"), 0) -> 0 | P93: Needs
A94: Childcare / Babysitting / Daycare | N94: =SUM(B94:M94) -> 0 | O94: =IFERROR(AVERAGEIF(Table6[[#This Row],[JAN]:[DEC]], ">0"), 0) -> 0 | P94: Needs
A95: Education / Lessons / Tuition | N95: =SUM(B95:M95) -> 0 | O95: =IFERROR(AVERAGEIF(Table6[[#This Row],[JAN]:[DEC]], ">0"), 0) -> 0 | P95: Needs
A96: Pet Food & Supplies | N96: =SUM(B96:M96) -> 0 | O96: =IFERROR(AVERAGEIF(Table6[[#This Row],[JAN]:[DEC]], ">0"), 0) -> 0 | P96: Needs
A97: School Supplies | N97: =SUM(B97:M97) -> 0 | O97: =IFERROR(AVERAGEIF(Table6[[#This Row],[JAN]:[DEC]], ">0"), 0) -> 0 | P97: Needs
A98: Other Daily Living | N98: =SUM(B98:M98) -> 0 | O98: =IFERROR(AVERAGEIF(Table6[[#This Row],[JAN]:[DEC]], ">0"), 0) -> 0 | P98: Needs
A99: TOTAL DAILY LIVING | B99: =SUBTOTAL(109,Table6[JAN]) -> 1200 | C99: =SUBTOTAL(109,Table6[FEB]) -> 1200 | D99: =SUBTOTAL(109,Table6[MAR]) -> 1050 | E99: =SUBTOTAL(109,Table6[APR]) -> 0 | F99: =SUBTOTAL(109,Table6[MAY]) -> 0 | G99: =SUBTOTAL(109,Table6[JUN]) -> 0 | H99: =SUBTOTAL(109,Table6[JUL]) -> 0 | I99: =SUBTOTAL(109,Table6[AUG]) -> 0 | J99: =SUBTOTAL(109,Table6[SEP]) -> 0 | K99: =SUBTOTAL(109,Table6[OCT]) -> 0 | L99: =SUBTOTAL(109,Table6[NOV]) -> 0 | M99: =SUBTOTAL(109,Table6[DEC]) -> 0 | N99: =SUBTOTAL(109,Table6[Total]) -> 3450 | O99: =SUBTOTAL(109,Table6[Monthly Avg]) -> 1150 | R99: =SUMIFS(Table6[Total], Table6[Category], "Needs") -> 3450 | S99: =SUMIFS(Table6[Total], Table6[Category], "Wants") -> 0 | T99: =SUMIFS(Table6[Total], Table6[Category], "Savings") -> 0
A101: CHILDREN EXPENSES | B101: JAN | C101: FEB | D101: MAR | E101: APR | F101: MAY | G101: JUN | H101: JUL | I101: AUG | J101: SEP | K101: OCT | L101: NOV | M101: DEC | N101: Total | O101: Monthly Avg | P101: Category
A102: School Fees/ Donations | N102: =SUM(B102:M102) -> 0 | O102: =IFERROR(AVERAGEIF(Table7[[#This Row],[JAN]:[DEC]], ">0"), 0) -> 0 | P102: Needs
A103: Medical Exp | N103: =SUM(B103:M103) -> 0 | O103: =IFERROR(AVERAGEIF(Table7[[#This Row],[JAN]:[DEC]], ">0"), 0) -> 0 | P103: Needs
A104: Games & Toys | B104: 200 | C104: 250 | D104: 250 | E104: 200 | N104: =SUM(B104:M104) -> 900 | O104: =IFERROR(AVERAGEIF(Table7[[#This Row],[JAN]:[DEC]], ">0"), 0) -> 225 | P104: Wants
A105: Clothing | N105: =SUM(B105:M105) -> 0 | O105: =IFERROR(AVERAGEIF(Table7[[#This Row],[JAN]:[DEC]], ">0"), 0) -> 0 | P105: Needs
A106: Books and publications | N106: =SUM(B106:M106) -> 0 | O106: =IFERROR(AVERAGEIF(Table7[[#This Row],[JAN]:[DEC]], ">0"), 0) -> 0 | P106: Needs
A107: School Supplies | N107: =SUM(B107:M107) -> 0 | O107: =IFERROR(AVERAGEIF(Table7[[#This Row],[JAN]:[DEC]], ">0"), 0) -> 0 | P107: Needs
A108: Babysitting | N108: =SUM(B108:M108) -> 0 | O108: =IFERROR(AVERAGEIF(Table7[[#This Row],[JAN]:[DEC]], ">0"), 0) -> 0 | P108: Needs
...

Sheet Budget Summary
B2: Budget Summary
B3: Based on the figures you entered in the 'Budget' sheet
B5: by GlimMarket.com | P5: © 2025 GlimMarket. All rights reserved,
B7: Item | C7: ='Budget Input'!B5 -> JAN | D7: ='Budget Input'!C5 -> FEB | E7: ='Budget Input'!D5 -> MAR | F7: ='Budget Input'!E5 -> APR | G7: ='Budget Input'!F5 -> MAY | H7: ='Budget Input'!G5 -> JUN | I7: ='Budget Input'!H5 -> JUL | J7: ='Budget Input'!I5 -> AUG | ... N7: ='Budget Input'!M5 -> DEC | O7: Total | P7: Monthly Avg
B9: Total Revenue | C9: =Table1[[#Totals],[JAN]] -> 14400 | D9: =Table1[[#Totals],[FEB]] -> 13500 | E9: =Table1[[#Totals],[MAR]] -> 14200 | F9: =Table1[[#Totals],[APR]] -> 0 | G9: =Table1[[#Totals],[MAY]] -> 0 | H9: =Table1[[#Totals],[JUN]] -> 0 | I9: =Table1[[#Totals],[JUL]] -> 0 | J9: =Table1[[#Totals],[AUG]] -> 0 | K9: =Table1[[#Totals],[SEP]] -> 0 | L9: =Table1[[#Totals],[OCT]] -> 0 | M9: =Table1[[#Totals],[NOV]] -> 0 | N9: =Table1[[#Totals],[DEC]] -> 0 | O9: =SUM(C9:N9) -> 42100 | P9: =IFERROR(AVERAGEIF(C9:N9, ">0"), 0) -> 14033.333
B11: =Table2[[#Headers],[HOME EXPENSES]] -> HOME EXPENSES | C11: =Table2[[#Totals],[JAN]] -> 200 | D11: =Table2[[#Totals],[FEB]] -> 200 | E11: =Table2[[#Totals],[MAR]] -> 300 | F11: =Table2[[#Totals],[APR]] -> 0 | G11: =Table2[[#Totals],[MAY]] -> 0 | H11: =Table2[[#Totals],[JUN]] -> 200 | I11: =Table2[[#Totals],[JUL]] -> 500 | J11: =Table2[[#Totals],[AUG]] -> 0 | K11: =Table2[[#Totals],[SEP]] -> 0 | L11: =Table2[[#Totals],[OCT]] -> 0 | M11: =Table2[[#Totals],[NOV]] -> 0 | N11: =Table2[[#Totals],[DEC]] -> 700 | O11: =SUM(C11:N11) -> 2100 | P11: =IFERROR(AVERAGEIF(C11:N11, ">0"), 0) -> 350
B12: =Table3[[#Headers],[TRANSPORTATION]] -> TRANSPORTATION | C12: =Table3[[#Totals],[JAN]] -> 120 | D12: =Table3[[#Totals],[FEB]] -> 120 | E12: =Table3[[#Totals],[MAR]] -> 130 | F12: =Table3[[#Totals],[APR]] -> 0 | G12: =Table3[[#Totals],[MAY]] -> 0 | H12: =Table3[[#Totals],[JUN]] -> 0 | I12: =Table3[[#Totals],[JUL]] -> 0 | J12: =Table3[[#Totals],[AUG]] -> 0 | K12: =Table3[[#Totals],[SEP]] -> 0 | L12: =Table3[[#Totals],[OCT]] -> 0 | M12: =Table3[[#Totals],[NOV]] -> 0 | N12: =Table3[[#Totals],[DEC]] -> 0 | O12: =SUM(C12:N12) -> 370 | P12: =IFERROR(AVERAGEIF(C12:N12, ">0"), 0) -> 123.33333
B13: =Table4[[#Headers],[HEALTH]] -> HEALTH | C13: =Table4[[#Totals],[JAN]] -> 130 | D13: =Table4[[#Totals],[FEB]] -> 0 | E13: =Table4[[#Totals],[MAR]] -> 170 | F13: =Table4[[#Totals],[APR]] -> 160 | G13: =Table4[[#Totals],[MAY]] -> 120 | H13: =Table4[[#Totals],[JUN]] -> 0 | I13: =Table4[[#Totals],[JUL]] -> 0 | J13: =Table4[[#Totals],[AUG]] -> 0 | K13: =Table4[[#Totals],[SEP]] -> 0 | L13: =Table4[[#Totals],[OCT]] -> 0 | M13: =Table4[[#Totals],[NOV]] -> 0 | N13: =Table4[[#Totals],[DEC]] -> 0 | O13: =SUM(C13:N13) -> 580 | P13: =IFERROR(AVERAGEIF(C13:N13, ">0"), 0) -> 145
B14: =Table5[[#Headers],[CHARITY / GIFTS]] -> CHARITY / GIFTS | C14: =Table5[[#Totals],[JAN]] -> 550 | D14: =Table5[[#Totals],[FEB]] -> 0 | E14: =Table5[[#Totals],[MAR]] -> 0 | F14: =Table5[[#Totals],[APR]] -> 0 | G14: =Table5[[#Totals],[MAY]] -> 0 | H14: =Table5[[#Totals],[JUN]] -> 0 | I14: =Table5[[#Totals],[JUL]] -> 0 | J14: =Table5[[#Totals],[AUG]] -> 0 | K14: =Table5[[#Totals],[SEP]] -> 0 | L14: =Table5[[#Totals],[OCT]] -> 0 | M14: =Table5[[#Totals],[NOV]] -> 0 | N14: =Table5[[#Totals],[DEC]] -> 0 | O14: =SUM(C14:N14) -> 550 | P14: =IFERROR(AVERAGEIF(C14:N14, ">0"), 0) -> 550
B15: =Table6[[#Headers],[DAILY LIVING]] -> DAILY LIVING | C15: =Table6[[#Totals],[JAN]] -> 1200 | D15: =Table6[[#Totals],[FEB]] -> 1200 | E15: =Table6[[#Totals],[MAR]] -> 1050 | F15: =Table6[[#Totals],[APR]] -> 0 | G15: =Table6[[#Totals],[MAY]] -> 0 | H15: =Table6[[#Totals],[JUN]] -> 0 | I15: =Table6[[#Totals],[JUL]] -> 0 | J15: =Table6[[#Totals],[AUG]] -> 0 | K15: =Table6[[#Totals],[SEP]] -> 0 | L15: =Table6[[#Totals],[OCT]] -> 0 | M15: =Table6[[#Totals],[NOV]] -> 0 | N15: =Table6[[#Totals],[DEC]] -> 0 | O15: =SUM(C15:N15) -> 3450 | P15: =IFERROR(AVERAGEIF(C15:N15, ">0"), 0) -> 1150
B16: =Table7[[#Headers],[CHILDREN EXPENSES]] -> CHILDREN EXPENSES | C16: =Table7[[#Totals],[JAN]] -> 200 | D16: =Table7[[#Totals],[FEB]] -> 250 | E16: =Table7[[#Totals],[MAR]] -> 250 | F16: =Table7[[#Totals],[APR]] -> 200 | G16: =Table7[[#Totals],[MAY]] -> 0 | H16: =Table7[[#Totals],[JUN]] -> 0 | I16: =Table7[[#Totals],[JUL]] -> 0 | J16: =Table7[[#Totals],[AUG]] -> 0 | K16: =Table7[[#Totals],[SEP]] -> 0 | L16: =Table7[[#Totals],[OCT]] -> 0 | M16: =Table7[[#Totals],[NOV]] -> 0 | N16: =Table7[[#Totals],[DEC]] -> 0 | O16: =SUM(C16:N16) -> 900 | P16: =IFERROR(AVERAGEIF(C16:N16, ">0"), 0) -> 225
B17: =Table8[[#Headers],[ENTERTAINMENT]] -> ENTERTAINMENT | C17: =Table8[[#Totals],[JAN]] -> 150 | D17: =Table8[[#Totals],[FEB]] -> 130 | E17: =Table8[[#Totals],[MAR]] -> 120 | F17: =Table8[[#Totals],[APR]] -> 0 | G17: =Table8[[#Totals],[MAY]] -> 0 | H17: =Table8[[#Totals],[JUN]] -> 0 | I17: =Table8[[#Totals],[JUL]] -> 0 | J17: =Table8[[#Totals],[AUG]] -> 0 | K17: =Table8[[#Totals],[SEP]] -> 0 | L17: =Table8[[#Totals],[OCT]] -> 0 | M17: =Table8[[#Totals],[NOV]] -> 0 | N17: =Table8[[#Totals],[DEC]] -> 0 | O17: =SUM(C17:N17) -> 400 | P17: =IFERROR(AVERAGEIF(C17:N17, ">0"), 0) -> 133.33333
B18: =Table9[[#Headers],[SAVINGS]] -> SAVINGS | C18: =Table9[[#Totals],[JAN]] -> 1500 | D18: =Table9[[#Totals],[FEB]] -> 1500 | E18: =Table9[[#Totals],[MAR]] -> 1300 | F18: =Table9[[#Totals],[APR]] -> 1200 | G18: =Table9[[#Totals],[MAY]] -> 0 | H18: =Table9[[#Totals],[JUN]] -> 0 | I18: =Table9[[#Totals],[JUL]] -> 0 | J18: =Table9[[#Totals],[AUG]] -> 0 | K18: =Table9[[#Totals],[SEP]] -> 0 | L18: =Table9[[#Totals],[OCT]] -> 0 | M18: =Table9[[#Totals],[NOV]] -> 0 | N18: =Table9[[#Totals],[DEC]] -> 0 | O18: =SUM(C18:N18) -> 5500 | P18: =IFERROR(AVERAGEIF(C18:N18, ">0"), 0) -> 1375
B19: =Table10[[#Headers],[DEBT REPAYMENTS]] -> DEBT REPAYMENTS | C19: =Table10[[#Totals],[JAN]] -> 2000 | D19: =Table10[[#Totals],[FEB]] -> 3000 | E19: =Table10[[#Totals],[MAR]] -> 2500 | F19: =Table10[[#Totals],[APR]] -> 2000 | G19: =Table10[[#Totals],[MAY]] -> 0 | H19: =Table10[[#Totals],[JUN]] -> 0 | I19: =Table10[[#Totals],[JUL]] -> 0 | J19: =Table10[[#Totals],[AUG]] -> 0 | K19: =Table10[[#Totals],[SEP]] -> 0 | L19: =Table10[[#Totals],[OCT]] -> 0 | M19: =Table10[[#Totals],[NOV]] -> 0 | N19: =Table10[[#Totals],[DEC]] -> 0 | O19: =SUM(C19:N19) -> 9500 | P19: =IFERROR(AVERAGEIF(C19:N19, ">0"), 0) -> 2375
B20: =Table11[[#Headers],[OBLIGATIONS]] -> OBLIGATIONS | C20: =Table11[[#Totals],[JAN]] -> 600 | D20: =Table11[[#Totals],[FEB]] -> 0 | E20: =Table11[[#Totals],[MAR]] -> 0 | F20: =Table11[[#Totals],[APR]] -> 800 | G20: =Table11[[#Totals],[MAY]] -> 0 | H20: =Table11[[#Totals],[JUN]] -> 1500 | I20: =Table11[[#Totals],[JUL]] -> 0 | J20: =Table11[[#Totals],[AUG]] -> 0 | K20: =Table11[[#Totals],[SEP]] -> 0 | L20: =Table11[[#Totals],[OCT]] -> 0 | M20: =Table11[[#Totals],[NOV]] -> 0 | N20: =Table11[[#Totals],[DEC]] -> 0 | O20: =SUM(C20:N20) -> 2900 | P20: =IFERROR(AVERAGEIF(C20:N20, ">0"), 0) -> 966.66667
B21: =Table12[[#Headers],[PROPERTY/ ASSETS]] -> PROPERTY/ ASSETS | C21: =Table12[[#Totals],[JAN]] -> 1200 | D21: =Table12[[#Totals],[FEB]] -> 0 | E21: =Table12[[#Totals],[MAR]] -> 50 | F21: =Table12[[#Totals],[APR]] -> 0 | G21: =Table12[[#Totals],[MAY]] -> 70 | H21: =Table12[[#Totals],[JUN]] -> 0 | I21: =Table12[[#Totals],[JUL]] -> 0 | J21: =Table12[[#Totals],[AUG]] -> 0 | K21: =Table12[[#Totals],[SEP]] -> 0 | L21: =Table12[[#Totals],[OCT]] -> 0 | M21: =Table12[[#Totals],[NOV]] -> 0 | N21: =Table12[[#Totals],[DEC]] -> 0 | O21: =SUM(C21:N21) -> 1320 | P21: =IFERROR(AVERAGEIF(C21:N21, ">0"), 0) -> 440
B22: =Table13[[#Headers],[SUBSCRIPTIONS]] -> SUBSCRIPTIONS | C22: =Table13[[#Totals],[JAN]] -> 330 | D22: =Table13[[#Totals],[FEB]] -> 0 | E22: =Table13[[#Totals],[MAR]] -> 50 | F22: =Table13[[#Totals],[APR]] -> 0 | G22: =Table13[[#Totals],[MAY]] -> 70 | H22: =Table13[[#Totals],[JUN]] -> 0 | I22: =Table13[[#Totals],[JUL]] -> 0 | J22: =Table13[[#Totals],[AUG]] -> 0 | K22: =Table13[[#Totals],[SEP]] -> 0 | L22: =Table13[[#Totals],[OCT]] -> 0 | M22: =Table13[[#Totals],[NOV]] -> 0 | N22: =Table13[[#Totals],[DEC]] -> 0 | O22: =SUM(C22:N22) -> 450 | P22: =IFERROR(AVERAGEIF(C22:N22, ">0"), 0) -> 150
B23: =Table14[[#Headers],[MISCELLANEOUS]] -> MISCELLANEOUS | C23: =Table14[[#Totals],[JAN]] -> 100 | D23: =Table14[[#Totals],[FEB]] -> 100 | E23: =Table14[[#Totals],[MAR]] -> 0 | F23: =Table14[[#Totals],[APR]] -> 0 | G23: =Table14[[#Totals],[MAY]] -> 200 | H23: =Table14[[#Totals],[JUN]] -> 0 | I23: =Table14[[#Totals],[JUL]] -> 300 | J23: =Table14[[#Totals],[AUG]] -> 0 | K23: =Table14[[#Totals],[SEP]] -> 0 | L23: =Table14[[#Totals],[OCT]] -> 0 | M23: =Table14[[#Totals],[NOV]] -> 0 | N23: =Table14[[#Totals],[DEC]] -> 0 | O23: =SUM(C23:N23) -> 700 | P23: =IFERROR(AVERAGEIF(C23:N23, ">0"), 0) -> 175
B24: Total Expenses | C24: =SUM(C11:C23) -> 8280 | D24: =SUM(D11:D23) -> 6500 | E24: =SUM(E11:E23) -> 5920 | F24: =SUM(F11:F23) -> 4360 | G24: =SUM(G11:G23) -> 460 | H24: =SUM(H11:H23) -> 1700 | I24: =SUM(I11:I23) -> 800 | J24: =SUM(J11:J23) -> 0 | ... N24: =SUM(N11:N23) -> 700 | O24: =SUM(C24:N24) -> 28720 | P24: =IFERROR(AVERAGEIF(C24:N24, ">0"), 0) -> 3590
B26: Surplus (Deficit) | C26: =C9-C24 -> 6120 | D26: =D9-D24 -> 7000 | E26: =E9-E24 -> 8280 | F26: =F9-F24 -> -4360 | G26: =G9-G24 -> -460 | H26: =H9-H24 -> -1700 | I26: =I9-I24 -> -800 | J26: =J9-J24 -> 0 | ... N26: =N9-N24 -> -700 | O26: =SUM(C26:N26) -> 13380
C43: Budget based on 50/30/20 Rule Analysis (Annual Summary)
C46: 50/30/20 Rule Annual Total
E48: Total ($) | F48: % | G48: 50/30/20 Rule | I48: Deviation
C49: ='Budget Input'!R26 -> Needs | E49: ='Budget Input'!$R$178 -> 19000 | F49: =E49/$E$52 -> 0.66155989 | G49: 0.5 | I49: =F49-G49 -> 0.16155989
C50: ='Budget Input'!R27 -> Wants | E50: ='Budget Input'!$S$178 -> 4220 | F50: =E50/$E$52 -> 0.14693593 | G50: 0.3 | I50: =F50-G50 -> -0.15306407
C51: ='Budget Input'!R28 -> Savings | E51: ='Budget Input'!$T$178 -> 5500 | F51: =E51/$E$52 -> 0.19150418 | G51: 0.2 | I51: =F51-G51 -> -0.0084958217
C52: Total Budget | E52: =SUM(E49:E51) -> 28720
Q55: =E52-O24 -> 0
B78: Emergency Funds Budget
B79: Enter your beginning balance of Total Emergency Funds below to get the budgeted ending balance at the end of the year.
C81: =C7 -> JAN | D81: =D7 -> FEB | E81: =E7 -> MAR | F81: =F7 -> APR | G81: =G7 -> MAY | H81: =H7 -> JUN | I81: =I7 -> JUL | J81: =J7 -> AUG | ... N81: =N7 -> DEC
B82: Beginning Balance | D82: =C86 -> 1500 | E82: =D86 -> 3000 | F82: =E86 -> 4300 | G82: =F86 -> 5500 | H82: =G86 -> 5500 | I82: =H86 -> 5500 | J82: =I86 -> 5500 | K82: =J86 -> 5500 | ... N82: =M86 -> 5500
B83: (+) Additions | C83: ='Budget Input'!B127 -> 1500 | D83: ='Budget Input'!C127 -> 1500 | E83: ='Budget Input'!D127 -> 1300 | F83: ='Budget Input'!E127 -> 1200 | G83: ='Budget Input'!F127 -> 0 | H83: ='Budget Input'!G127 -> 0 | I83: ='Budget Input'!H127 -> 0 | J83: ='Budget Input'!I127 -> 0 | ... N83: ='Budget Input'!M127 -> 0
C84: =C82+C83 -> 1500 | D84: =D82+D83 -> 3000 | E84: =E82+E83 -> 4300 | F84: =F82+F83 -> 5500 | G84: =G82+G83 -> 5500 | H84: =H82+H83 -> 5500 | I84: =I82+I83 -> 5500 | J84: =J82+J83 -> 5500 | ... N84: =N82+N83 -> 5500
B85: (-) Deductions | C85: ='Budget Input'!B24 -> 0 | D85: ='Budget Input'!C24 -> 0 | E85: ='Budget Input'!D24 -> 0 | F85: ='Budget Input'!E24 -> 0 | G85: ='Budget Input'!F24 -> 0 | H85: ='Budget Input'!G24 -> 0 | I85: ='Budget Input'!H24 -> 0 | J85: ='Budget Input'!I24 -> 0 | ... N85: ='Budget Input'!M24 -> 0
B86: Ending Balance | C86: =C84-C85 -> 1500 | D86: =D84-D85 -> 3000 | E86: =E84-E85 -> 4300 | F86: =F84-F85 -> 5500 | G86: =G84-G85 -> 5500 | H86: =H84-H85 -> 5500 | I86: =I84-I85 -> 5500 | J86: =J84-J85 -> 5500 | ... N86: =N84-N85 -> 5500
B115: Chart Data
C117: =C7 -> JAN | D117: =D7 -> FEB | E117: =E7 -> MAR | F117: =F7 -> APR | G117: =G7 -> MAY | H117: =H7 -> JUN | I117: =I7 -> JUL | J117: =J7 -> AUG | ... N117: =N7 -> DEC
B118: Total Income | C118: =C9 -> 14400 | D118: =D9 -> 13500 | E118: =E9 -> 14200 | F118: =F9 -> 0 | G118: =G9 -> 0 | H118: =H9 -> 0 | I118: =I9 -> 0 | J118: =J9 -> 0 | ... N118: =N9 -> 0
B119: Total Expenses | C119: =C24 -> 8280 | D119: =D24 -> 6500 | E119: =E24 -> 5920 | F119: =F24 -> 4360 | G119: =G24 -> 460 | H119: =H24 -> 1700 | I119: =I24 -> 800 | J119: =J24 -> 0 | ... N119: =N24 -> 700
B120: Surplus (Deficit) | C120: =C118-C119 -> 6120 | D120: =D118-D119 -> 7000 | E120: =E118-E119 -> 8280 | F120: =F118-F119 -> -4360 | G120: =G118-G119 -> -460 | H120: =H118-H119 -> -1700 | I120: =I118-I119 -> -800 | J120: =J118-J119 -> 0 | ... N120: =N118-N119 -> -700
B123: =B11 -> HOME EXPENSES | C123: =O11 -> 2100
B124: =B12 -> TRANSPORTATION | C124: =O12 -> 370
B125: =B13 -> HEALTH | C125: =O13 -> 580
B126: =B14 -> CHARITY / GIFTS | C126: =O14 -> 550
B127: =B15 -> DAILY LIVING | C127: =O15 -> 3450
B128: =B16 -> CHILDREN EXPENSES | C128: =O16 -> 900
B129: =B17 -> ENTERTAINMENT | C129: =O17 -> 400
B130: =B18 -> SAVINGS | C130: =O18 -> 5500
B131: =B19 -> DEBT REPAYMENTS | C131: =O19 -> 9500
B132: =B20 -> OBLIGATIONS | C132: =O20 -> 2900
B133: =B21 -> PROPERTY/ ASSETS | C133: =O21 -> 1320
B134: =B22 -> SUBSCRIPTIONS | C134: =O22 -> 450
B135: =B23 -> MISCELLANEOUS | C135: =O23 -> 700

Sheet Help
B1: Help
B3: by GlimMarket.com
B4: © 2025 GlimMarket. All rights reserved,
B6: How to use this Monthly Budget Template
B8: This template is designed to give you a clear, month-by-month picture of your cash flow, savings and emergency fund position, and to help you judge your plan against the 50/30/20 guideline. Read this page once before you start, then refer back whenever you need a reminder.
B10: 1. Overview — what each sheet does
B12: Cover © — Introductory notes and this Help section. Use it as your quick reference.
B14: Budget Input — The only sheet where you should type amounts. Enter your monthly incomes, expense items and the starting cash balance here. All input cells are clearly marked; everything else is formula-driven.
B16: Budget Summary — Snapshot of results. Shows income, expense head-wise totals and the budget surplus/deficit both month-by-month and for the year. Contains two charts: one that tracks monthly income vs expenses vs deficit, and another that compares annual totals by expense head. It also includes a 50/30/20 comparison and the Emergency Funds table.
B19: 2. Before you start — a few important rules
B21: 1. Only enter values on the Budget Input sheet in the cells that are intended for input. Cells with formulas are protected by the layout; changing them will break calculations.
B23: 2. On the Budget Summary sheet, the only cell you may change is the Beginning Balance inside the Emergency Funds table (if you want to seed that table with an opening amount). Do not edit other cells on that sheet — they contain formulas and links.
... B111: This template is built so you can focus on decisions, not formulas. Enter your income and expense values carefully on the Budget Input sheet, leave the formulas alone, and use the Budget Summary charts and tables to reflect, adjust and improve your plan. If you want, I can convert this Help text into a printable one-page PDF or paste it directly into your Cover sheet for easy access by other users — tell me which you prefer.
